 Dungeon Crawl Stone Soup version 0.21.1-1-g345015f (webtiles) character file.

177 teukkam the Ruffian (level 5, 0/54 HPs)
             Began as a Troll Monk on June 27, 2018.
             Slain by an orc
             ... wielding a +0 hand axe
              (3 damage)
             ... on level 3 of the Dungeon.
             The game lasted 00:04:32 (1173 turns).

teukkam the Ruffian (Troll Monk)                    Turns: 1173, Time: 00:04:32

Health: 0/54       AC:  5    Str: 20    XL:     5   Next: 30%
Magic:  4/4        EV: 10    Int:  6    God:
Gold:   66         SH:  0    Dex: 12    Spells: 4/4 levels left

rFire    . . .     SeeInvis .     - Unarmed
rCold    . . .     Gourm    +   (no shield)
rNeg     . . .     Faith    .   a - +0 robe
rPois    .         Spirit   .   (helmet restricted)
rElec    .         Reflect  .   (no cloak)
rCorr    .         Harm     .   (gloves unavailable)
MR       .....                  (boots unavailable)
Stlth    ++........             (no amulet)
HPRegen  0.58/turn              g - ring of flight
MPRegen  0.09/turn              (no ring)

@: lethally poisoned (0 -> -2), berserk cooldown, slowed, very slow
A: large, unfitting armour, claws 3, fast metabolism 3, gourmand, regeneration
1, shaggy fur 1, tough skin 2
a: Evoke Flight


You were on level 3 of the Dungeon.
You were completely stuffed.

You visited 1 branch of the dungeon, and saw 3 of its levels.

You collected 66 gold pieces.

Inventory:

Armour
 a - a +0 robe (worn)
Jewellery
 g - a ring of flight (left claw)
Scrolls
 h - a scroll of identify
Potions
 d - 2 potions of degeneration {unknown}
 e - a potion of magic {unknown}
 i - a potion of flight {unknown}
 k - a potion of lignification {unknown}
 m - a potion of agility {unknown}
Comestibles
 b - 6 rations
 f - a chunk of flesh


   Skills:
 + Level 3.9 Fighting
 - Level 2.4 Dodging
 - Level 1.0 Stealth
 + Level 4.7 Unarmed Combat


You had 4 spell levels left.
You didn't know any spells.

Dungeon Overview and Level Annotations

Branches:
Dungeon (3/15)

Altars:
Elyvilon
Uskayaw

Annotations:
D:2 Robin


Innate Abilities, Weirdness & Mutations

You are too large for most types of armour.
You have claws for hands.
Your metabolism is lightning-fast.
You like to eat raw meat.
Your natural rate of healing is unusually fast.
You are covered in fur. (AC +1)
You have very tough skin. (AC +2)


Message History

You are no longer berserk.
You are exhausted.
You feel yourself slow down.
You feel sick. The adder bites you.
You are more poisoned.
The adder poisons you! The orc barely misses you. The rat closely misses you.
You claw the adder!
You kill the adder!
You feel sick. The rat closely misses you. The orc hits you with a flail.
* * * LOW HITPOINT WARNING * * *
You barely miss the orc.
You feel sick. The rat closely misses you. The orc hits you with a flail.
* * * LOW HITPOINT WARNING * * *
You claw the rat!
You kill the rat!
You feel sick. The orc barely misses you.
You scratch the orc but do no damage.
You feel sick. The orc hits you but does no damage.
The orc hits you with a flail!
* * * LOW HITPOINT WARNING * * *
The orc hits you with a hand axe.
You die...

. .. #########
...##+#........
....?..........
........)......
......o@†.#
......o####
###.... ##..#
#.> #.. #. ##


You could see 2 orcs.

Vanquished Creatures
  A hound (D:2)
  An orc wizard (D:3)
  5 adders
  3 gnolls (D:2)
  3 leopard geckos (D:2)
  2 giant cockroaches
  7 goblins
  10 hobgoblins
  4 quokkas (D:2)
  A bat (D:2)
  2 frilled lizards (D:1)
  2 kobolds
  4 rats
45 creatures vanquished.

Notes
Turn   | Place    | Note
-------+----------+-------------------------------------------
     0 | D:1      | teukkam the Troll Monk began the quest for the Orb.
     0 | D:1      | Reached XP level 1. HP: 22/22 MP: 0/0
   138 | D:2      | Reached XP level 2. HP: 23/29 MP: 1/1
   165 | D:2      | Found a hide-covered altar of Uskayaw.
   175 | D:2      | Found a white marble altar of Elyvilon.
   335 | D:2      | Reached XP level 3. HP: 37/37 MP: 2/2
   642 | D:2      | Noticed Robin
   743 | D:2      | Reached skill level 4 in Unarmed Combat
   743 | D:2      | Reached XP level 4. HP: 35/45 MP: 3/3
  1161 | D:3      | Reached XP level 5. HP: 52/54 MP: 4/4
  1173 | D:3      | Slain by an orc

Skill      XL: |  1  2  3 |
---------------+----------+-----
Fighting       | 3 |  3.9
Unarmed Combat | 4 |  4.7
Dodging        | |  2.4
Stealth        | |  1.0

Action                   |  1- 3 |  4- 6 || total
-------------------------+-------+-------++-------
Melee: Unarmed           |    44 |    45 ||    89
       Punch             |       |     1 ||     1
  Use: Scroll            |       |     3 ||     3
       Potion            |       |     1 ||     1
 Stab: Sleeping          |     3 |     1 ||     4
  Eat: Chunk             |    12 |     4 ||    16
Armor: Robe              |    14 |    20 ||    34
Dodge: Dodged            |     9 |    41 ||    50
